 Dungeon Crawl Stone Soup version 0.28-a0-622-gbaef9634d7 (webtiles) character file.

Game seed: 9532177692012252981

64 sleeves the Slasher (level 3, 0/29 HPs)
             Began as a Demonspawn Fighter on Oct 7, 2021.
             Slain by a goblin (2 damage)
             ... led by Robin
             ... on level 2 of the Dungeon.
             The game lasted 00:00:53 (1142 turns).

sleeves the Slasher (Demonspawn Fighter)            Turns: 1142, Time: 00:00:53

Health: 0/29       AC:  6    Str: 17    XL:     3   Next: 91%
Magic:  3/3        EV:  9    Int:  9    God:
Gold:   82         SH:  4    Dex: 12    Spells: 2/2 levels left

rFire   . . .      SeeInvis .   a - +0 long sword
rCold   . . .      Faith    .   c - +0 buckler
rNeg    . . .      Spirit   .   b - +0 scale mail
rPois   .          Reflect  .   (helmet restricted)
rElec   .          Harm     .   (no cloak)
rCorr   .          Rampage  .   (no gloves)
Will    .....                   (no boots)
Stlth   ..........              (no amulet)
HPRegen 0.09/turn               (no ring)
MPRegen 0.08/turn               (no ring)

@: mighty, slowed, very slow
A: horns 1
a: no special abilities


You were on level 2 of the Dungeon.
You visited 1 branch of the dungeon, and saw 2 of its levels.

You collected 82 gold pieces.

Inventory:

Hand Weapons
 a - a +0 long sword (weapon)
Armour
 b - a +0 scale mail (worn)
 c - a +0 buckler (worn)
Scrolls
 e - a scroll of vulnerability {unknown}
 f - a scroll of identify {unknown}
 g - a scroll of teleportation {unknown}
 h - a scroll of enchant weapon {unknown}
Potions
 d - a potion of might


   Skills:
 - Level 3.0 Fighting
 + Level 3.9 Long Blades
 - Level 2.6 Armour
 - Level 2.6 Shields


You had 2 spell levels left.
You didn't know any spells.
Your spell library contained the following spells:

 Spells                   Type           Power      Damage    Failure   Level
 Animate Skeleton         Necr           0%         N/A       85%         1
 Apportation              Tloc           0%         N/A       85%         1
 Summon Small Mammal      Summ           0%         N/A       85%         1


Dungeon Overview and Level Annotations

Branches:
Dungeon (2/15)

Altars:

Shops:
D:1 !

Annotations:
D:2 Robin


Innate Abilities, Weirdness & Mutations

You have a pair of small horns on your head.


Message History

Welcome, sleeves the Demonspawn Fighter.
It is said that the Orb of Zot exists deep within this dungeon.
Press ? for a list of commands and other information.
Found a staircase leading out of the dungeon.
Found an escape hatch in the floor.
An endoplasm comes into view.
The endoplasm quivers.
An endoplasm is nearby!
An endoplasm is nearby!
A bat comes into view.
You slash the bat!
You kill the bat!
You barely miss the endoplasm. The endoplasm freezes you.
You are frozen.
The endoplasm freezes you.
You are frozen.
You hit the endoplasm.
You kill the endoplasm!
Your Long Blades skill increases to level 2!
No target in view!
No target in view!
No target in view!
No target in view!
No target in view!
No target in view!
No target in view!
No target in view!
HP restored.
You now have 11 gold pieces.
You now have 17 gold pieces (gained 6).
You now have 23 gold pieces (gained 6).
An endoplasm comes into view.
The endoplasm quivers.
An endoplasm is nearby!
An endoplasm is nearby!
You hit the endoplasm but do no damage. The endoplasm freezes you.
You are frozen.
You slash the endoplasm!
You kill the endoplasm!
No target in view!
No target in view!
No target in view!
No target in view!
No target in view!
No target in view!
A hobgoblin comes into view.
The hobgoblin shouts!
You hear a shout!
A hobgoblin is nearby!
A hobgoblin is nearby!
Found a club and 12 gold pieces.
A hobgoblin comes into view.
The hobgoblin shouts!
The hobgoblin hits you but does no damage.
You hit the hobgoblin.
The hobgoblin is almost dead.
You block the hobgoblin's attack.
The hobgoblin hits you but does no damage.
You hit the hobgoblin.
You kill the hobgoblin!
A rat comes into view.
The hobgoblin hits you.
You hit the hobgoblin but do no damage. The hobgoblin closely misses you.
You block the hobgoblin's attack.
You completely miss the hobgoblin.
The hobgoblin hits you but does no damage.
You hit the hobgoblin but do no damage. The hobgoblin hits you.
The hobgoblin hits you but does no damage.
You completely miss the hobgoblin. The hobgoblin hits you.
* * * LOW HITPOINT WARNING * * *
There are monsters nearby!
There are monsters nearby!
You are too injured to fight recklessly!
You are too injured to fight recklessly!
You slash the hobgoblin!
You kill the hobgoblin!
The rat bites you but does no damage.
Your shield prevents you from hitting the rat.
The rat barely misses you.
You hit the rat but do no damage. The rat closely misses you.
You slash the rat!
You kill the rat!
You see here a hobgoblin corpse.
A bat comes into view.
A bat is nearby!
A bat is nearby!
You are too injured to fight recklessly!
You are too injured to fight recklessly!
You are too injured to fight recklessly!
You are too injured to fight recklessly!
You are too injured to fight recklessly!
You start resting.
HP restored.
You now have 35 gold pieces (gained 12).
A kobold comes into view. It is wielding a +0 whip.
The kobold shouts!
A kobold is nearby!
A kobold is nearby!
Found 18 gold pieces.
The kobold throws a stone.
The stone closely misses you.
Your scale mail prevents you from hitting the kobold.
The kobold closely misses you.
You hit the kobold but do no damage. The kobold hits you with a +0 whip.
You hit the kobold.
The kobold is moderately wounded.
The kobold hits you with a +0 whip. You block the kobold's attack.
Your scale mail prevents you from hitting the kobold.
The kobold is moderately wounded.
The kobold hits you but does no damage.
You closely miss the kobold.
The kobold is moderately wounded.
You block the kobold's attack.
You closely miss the kobold.
The kobold is moderately wounded.
The kobold hits you but does no damage.
You hit the kobold.
You kill the kobold!
You have reached level 2!
Your demonic ancestry asserts itself...
A pair of horns grows on your head!
Things that are here:
a +0 whip; 5 stones You now have 53 gold pieces (gained 18).
As you open the door, it creaks loudly!
There is an open door here.
You open the door.
Found a faded altar of an unknown god.
There is an open door here.
A dart slug comes into view.
The dart slug launches a dart at you. The slug dart hits you.
The dart slug launches a dart at you. The slug dart misses you.
You slash the dart slug! You headbutt the dart slug.
You kill the dart slug!
No target in view!
No target in view!
No target in view!
No target in view!
No target in view!
You see here a hobgoblin skeleton.
Found a mace.
A bat is nearby!
Found 14 gold pieces and a scroll labelled TET PEILUOGUCA.
The bat hits you but does no damage. The bat barely misses you.
A bat comes into view.
The bat barely misses you.
You barely miss the bat. The bat hits you but does no damage.
The bat closely misses you.
You closely miss the bat. The bat barely misses you. x2
The bat closely misses you.
You completely miss the bat. The bat closely misses you.
The bat hits you but does no damage. The bat barely misses you.
You slash the bat!
You kill the bat!
The bat hits you but does no damage.
You miss the bat. The bat barely misses you. The bat closely misses you.
You hit the bat.
The bat is severely wounded.
You block the bat's attack. x2
You slash the bat!
You kill the bat!
You see here a bat corpse.
e - a scroll labelled TET PEILUOGUCA You now have 67 gold pieces (gained 14).
A bat and a dart slug come into view.
The dart slug moves out of view.
A bat is nearby!
A quokka comes into view.
The bat hits you but does no damage.
You closely miss the bat. Your headbutt misses the bat.
The bat hits you but does no damage. x2
You miss the bat. The bat hits you but does no damage.
The dart slug launches a dart at you. The slug dart misses you.
You hit the bat.
You kill the bat!
The dart slug launches a dart at you.
The slug dart hits you but does no damage.
The quokka barely misses you.
You barely miss the quokka. The quokka bites you. The quokka barely misses you.
You closely miss the quokka.
The quokka bites you but does no damage.
The quokka completely misses you.
You slash the quokka!
You kill the quokka!
The dart slug barely misses you.
A dart slug is nearby!
A dart slug is nearby!
A dart slug is nearby!
You slash the dart slug!
The dart slug is severely wounded.
The dart slug bites you but does no damage.
You hit the dart slug.
You kill the dart slug!
No target in view!
No target in view!
No target in view!
No target in view!
No target in view!
No target in view!
f - a scroll labelled WYG ZAYLAWIA
Found a stone staircase leading down.
g - a scroll labelled UTUMIOJOANO No target in view!
No target in view!
No target in view!
No target in view!
No target in view!
No target in view!
No target in view!
No target in view!
No target in view!
h - a scroll labelled UNOTIYBEBB
Found a stone staircase leading down.
No target in view!
No target in view!
No target in view!
No target in view!
No target in view!
No target in view!
No target in view!
A bat and a kobold come into view.
Found a stone staircase leading down.
The kobold shouts!
The bat moves out of view.
A kobold is nearby!
A kobold is nearby!
A kobold is nearby!
The bat hits you.
Your scale mail prevents you from hitting the bat.
The bat hits you but does no damage.
A quokka comes into view.
You closely miss the bat. You headbutt the bat.
You kill the bat!
You hit the kobold.
You kill the kobold!
Things that are here:
a +0 short sword; a book of Cantrips; a kobold corpse The quokka bites you but does no damage.
You barely miss the quokka. You block the quokka's attack.
The quokka bites you.
You closely miss the quokka.
The quokka bites you but does no damage.
You hit the quokka.
The quokka is heavily wounded.
The quokka bites you but does no damage. x2
You hit the quokka but do no damage.
The quokka is heavily wounded.
The quokka closely misses you. You block the quokka's attack.
You slash the quokka!
You kill the quokka!
Your Long Blades skill increases to level 3!
No target in view!
You pick up a book of Cantrips and begin reading...
You add the spells Animate Skeleton, Summon Small Mammal and Apportation to your library.
Things that are here:
a +0 short sword; a kobold corpse
d - 2 potions of might (gained 1)
You now have 74 gold pieces (gained 7).
Things that are here:
a +0 short sword; a kobold corpse Key pressed, stopping explore.
You see here a +0 club.
A frilled lizard comes into view.
Found Buocio's Distillery.
A frilled lizard is nearby!
A frilled lizard is nearby!
Found a hand axe.
The frilled lizard barely misses you.
You hit the frilled lizard.
You kill the frilled lizard!
No target in view!
No target in view!
No target in view!
No target in view!
No target in view!
No target in view!
No target in view!
No target in view!
A kobold comes into view. It is wielding a +0 club.
The kobold shouts!
A kobold is nearby!
A kobold is nearby!
A kobold is nearby!
The kobold hits you but does no damage.
You hit the kobold.
You kill the kobold!
No target in view!
No target in view!
No target in view!
No target in view!
No target in view!
No target in view!
No target in view!
Things that are here:
a +0 club; a kobold corpse
There is an entrance to Buocio's Distillery here.
You can access your shopping list by pressing '$'.
Done exploring.
Done exploring.
Done exploring.
Done exploring.
(D) Dungeon
Where to? (? - help)
There is a stone staircase leading down here.
You see here a bat skeleton.
You climb downwards.
The hobgoblin shouts!
The kobold shouts!
Found a mace.
Found a stone staircase leading down.
There is a stone staircase leading up here.
There are monsters nearby!
There are monsters nearby!
There are monsters nearby!
There are monsters nearby!
You hit the hobgoblin.
The hobgoblin is severely wounded.
The hobgoblin barely misses you.
You slash the hobgoblin!
You kill the hobgoblin!
The kobold throws a stone.
The stone hits you but does no damage.
The kobold throws a stone.
The stone hits you but does no damage. The kobold hits you but does no damage.
You barely miss the kobold. You headbutt the kobold.
You kill the kobold!
No target in view!
No target in view!
No target in view!
No target in view!
Things that are here:
a +0 club; a stone You open the door.
An adder comes into view.
The adder hisses angrily.
An adder is nearby!
There is an open door here.
The adder bites you but does no damage.
You closely miss the adder. The adder closely misses you. The adder bites you.
You hit the adder but do no damage. The adder bites you but does no damage.
The adder bites you.
You are poisoned.
The adder poisons you!
You hit the adder but do no damage.
You feel sick. The adder barely misses you.
You miss the adder. You headbutt the adder.
The adder is moderately wounded.
You feel sick. The adder completely misses you. The adder barely misses you.
You are too injured to fight recklessly!
You are too injured to fight recklessly!
You are too injured to fight recklessly!
You are too injured to fight recklessly!
You are too injured to fight recklessly!
An adder is nearby!
An adder is nearby!
You hit the adder. You headbutt the adder.
You kill the adder!
You feel sick.
You have reached level 3!
Your experience leads to an increase in your attributes!
Increase (S)trength, (I)ntelligence, or (D)exterity?
You feel stronger.
You start resting.
You feel sick.
You are no longer poisoned.
HP restored.
Key pressed, stopping explore.
Found a ring mail.
Found a stone staircase leading down.
A kobold comes into view. It is wielding a +0 club.
The kobold shouts!
The kobold throws a stone.
The stone hits you but does no damage.
A kobold is nearby!
You hit the kobold. Your headbutt misses the kobold.
The kobold is severely wounded.
The kobold hits you with a +0 club.
You hit the kobold.
You kill the kobold!
No target in view!
No target in view!
No target in view!
No target in view!
No target in view!
Things that are here:
a +0 club; 3 stones You open the door.
There is an open door here.
You open the door.
There is an open door here.
You open the door.
There is an open door here.
There is an open door here.
There is an open door here.
You open the door.
There is an open door here.
You now have 82 gold pieces (gained 8).
A bat comes into view.
You block the bat's attack.
A bat is nearby!
The bat hits you but does no damage.
No target in view!
No target in view!
No target in view!
No target in view!
No target in view!
No target in view!
No target in view!
No target in view!
The bat hits you. The bat hits you but does no damage.
A bat is nearby!
Your scale mail prevents you from hitting the bat.
You block the bat's attack. The bat closely misses you.
You miss the bat. The bat hits you but does no damage.
You closely miss the bat. Your headbutt misses the bat.
The bat hits you but does no damage. x2
You closely miss the bat. You headbutt the bat.
You kill the bat!
No target in view!
No target in view!
No target in view!
No target in view!
No target in view!
You see here a bat corpse.
Natasha, Servant of Life and Death comes into view.
Natasha hisses angrily.
Natasha mumbles some strange words.
Natasha shimmers violently.
Natasha casts a spell at you. You resist with significant effort.
Natasha is nearby!
Natasha is nearby!
A goblin comes into view. It is wielding a +0 club.
Natasha casts a spell at you.
You feel yourself slow down.
The goblin shouts!
You hear a shout!
A goblin comes into view. It is wielding a +0 dagger.
Natasha hisses.
Natasha casts a spell at you.
You feel as though you will be slow longer.
You barely miss Natasha. Natasha claws you. You block Natasha's attack.
You barely miss Natasha.
A goblin comes into view. It is wielding a +0 club.
Natasha claws you but does no damage.
You barely miss Natasha.
The goblin shouts!
You headbutt Natasha.
Natasha is moderately wounded.
You hear a shout!
Natasha barely misses you. Natasha claws you.
You are too injured to fight recklessly!
You are too injured to fight recklessly!
You are too injured to fight recklessly!
You are too injured to fight recklessly!
You are too injured to fight recklessly!
You are too injured to fight recklessly!
You are too injured to fight recklessly!
You are too injured to fight recklessly!
You are too injured to fight recklessly!
You are too injured to fight recklessly!
You hit Natasha.
Natasha is heavily wounded.
Natasha drinks a potion.
Natasha is healed!
Natasha claws you but does no damage.
You closely miss Natasha. You headbutt Natasha.
Natasha is lightly wounded.
Natasha closely misses you. Natasha barely misses you.
You slash Natasha!
Natasha is heavily wounded.
Natasha claws you.
Natasha mumbles some strange words.
Natasha's front paws start to glow.
Natasha casts a spell at you.
You feel as though you will be slow longer.
A goblin comes into view. It is wielding a +0 club.
You closely miss Natasha.
Natasha is heavily wounded.
The goblin shouts!
You hear a shout!
Natasha completely misses you. Natasha claws you.
* * * LOW HITPOINT WARNING * * *
You hear a shout!
You hit Natasha.
Natasha is severely wounded.
You block Natasha's attack. Natasha casts a spell at you.
You resist with significant effort.
You slash Natasha!
You kill Natasha!
You hear a faint echoing roar filled with hate and sorrow!
The goblin unwields a +0 club.
The goblin wields a +0 hunting sling.
The goblin shoots a stone.
The stone closely misses you.
You hit the goblin.
The goblin is moderately wounded.
The goblin unwields a +0 hunting sling.
The goblin wields a +0 club.
The goblin closely misses you.
Robin of the Strong Arm comes into view.
They are wielding a +0 dagger.
You barely miss the goblin.
The goblin is moderately wounded.
You block the goblin's attack. Robin throws the goblin at you!
The goblin barely misses you. The goblin misses you.
Robin says, "Kneel, worm!"
You barely miss the goblin. The goblin closely misses you.
The goblin hits you with a +0 dagger.
* * * LOW HITPOINT WARNING * * *
Robin roars a battlecry!
The goblins go into a battle-frenzy!
The goblin hits you but does no damage. The goblin barely misses you.
You closely miss the goblin. The goblin barely misses you. x3
The goblin hits you but does no damage.
You hit the goblin but do no damage. The goblin closely misses you.
The goblin hits you but does no damage. The goblin closely misses you.
You closely miss the goblin. The goblin barely misses you.
The goblin closely misses you. The goblin completely misses you.
Your shield and scale mail prevent you from hitting the goblin.
The goblin hits you but does no damage. x3; The goblin closely misses you.
You closely miss the goblin.
The goblin hits you but does no damage. x2
The goblin hits you with a +0 club.
* * * LOW HITPOINT WARNING * * *
The goblin hits you but does no damage.
You hit the goblin. Your headbutt misses the goblin.
The goblin is heavily wounded.
The goblin barely misses you. The goblin hits you but does no damage.
You block the goblin's attack. The goblin hits you but does no damage.
You hit the goblin.
You kill the goblin!
The goblin no longer looks unusually strong. x2
Robin throws the goblin at you! The goblin hits you with a +0 club.
* * * LOW HITPOINT WARNING * * *
The goblin hits you but does no damage. The goblin barely misses you.
You block the goblin's attack.
You closely miss the goblin.
The goblin no longer looks unusually strong. x2
The goblin barely misses you. The goblin hits you with a +0 dagger.
* * * LOW HITPOINT WARNING * * *
The goblin hits you but does no damage. The goblin closely misses you.
You closely miss the goblin.
The goblin no longer looks unusually strong.
The goblin closely misses you. x2; The goblin barely misses you.
You feel very mighty all of a sudden. The goblin barely misses you.
You block the goblin's attack. The goblin hits you with a +0 dagger.
* * * LOW HITPOINT WARNING * * *
You slice the goblin!!
You kill the goblin!
Robin throws the goblin at you!
* * * LOW HITPOINT WARNING * * *
The goblin hits you with a +0 club.
* * * LOW HITPOINT WARNING * * *
The goblin hits you but does no damage. You block the goblin's attack.
The goblin hits you but does no damage.
A hobgoblin comes into view.
You barely miss the goblin.
The hobgoblin shouts!
Robin roars a battlecry!
The goblins go into a battle-frenzy!
The goblin misses you. The goblin closely misses you. x2
The goblin hits you but does no damage.
You barely miss the goblin. The goblin closely misses you.
The goblin hits you with a +0 club.
You die... ### #gg

#g# #g#
#g# #@#
#g# #.#
#.#
##.##
#...# #
###.#
#.#####
#.....#


You could see Robin, a hobgoblin (strong) and 4 goblins.

Vanquished Creatures
  Natasha (D:2)
  An adder (D:2)
  2 dart slugs (D:1)
  6 bats
  2 endoplasms (D:1)
  2 goblins (D:2)
  3 hobgoblins
  5 kobolds
  2 quokkas (D:1)
  A frilled lizard (D:1)
  A rat (D:1)
26 creatures vanquished.

Notes
Turn   | Place    | Note
-------+----------+-------------------------------------------
     0 | D:1      | sleeves the Demonspawn Fighter began the quest for the Orb.
     0 | D:1      | Reached XP level 1. HP: 18/18 MP: 1/1
    12 | D:1      | Reached skill level 2 in Long Blades
   176 | D:1      | HP: 9/18 [hobgoblin (4)]
   328 | D:1      | Gained mutation: You have a pair of small horns on your
                  | head. [demonic ancestry]
   328 | D:1      | Reached XP level 2. HP: 18/24 MP: 2/2
   415 | D:1      | Found a faded altar of an unknown god.
   576 | D:1      | Reached skill level 3 in Long Blades
   711 | D:1      | Found Buocio's Distillery.
   790 | D:2      | Reached XP level 3. HP: 16/29 MP: 3/3
  1114 | D:2      | Noticed Natasha
  1124 | D:2      | HP: 14/29 [Natasha (2)]
  1126 | D:2      | Killed Natasha
  1127 | D:2      | Noticed Robin
  1129 | D:2      | HP: 14/29 [goblin[Robin] (1)]
  1134 | D:2      | HP: 9/29 [goblin[Robin] (5)]
  1137 | D:2      | HP: 4/29 [goblin[Robin] (5)]
  1140 | D:2      | HP: 1/29 [goblin[Robin] (1)]
  1142 | D:2      | Slain by a goblin

Illustrated notes

Levels and vault maps discovered:
D:1:      minmay_arrival_open_corners, layout_rooms, serial_shops, shop,
          hellmonk_ecumenical_altar_inner_sanctum
D:2:      layout_basic, basic_altar, uniq_natasha, uniq_robin

Skill      XL: |  1  2 |
---------------+-------+-----
Long Blades    | 2 3 |  3.9
Fighting       | |  3.0
Armour         | |  2.6
Shields        | |  2.6

Action                   || total
-------------------------++-------
Melee: Long sword        ||    86
       Headbutt          ||     8
  Use: Potion            ||     1
Armor: Scale mail        ||    54
Dodge: Dodged            ||    60
Block: Buckler           ||    17

Table legend: (Time is in decaauts)
 A = Elapsed time spent in this place.
 B = Non-inter-level travel time spent in this place.
 C = Inter-level travel time spent in this place.
 D = Time resting spent in this place.
 E = Time spent auto-exploring this place.
 F = Levels seen in this place.
 G = Mean time per level.
                   A        B        C        D        E       F      G
               +--------+--------+--------+--------+--------+-----+--------+
         Total |   1181 |   1141 |     40 |    125 |    817 |   2 |  590.5 |
       Dungeon |   1181 |   1141 |     40 |    125 |    817 |   2 |  590.5 |
               +--------+--------+--------+--------+--------+-----+--------+

Top non-repeatable levels by time:
     D:1: 782 daAuts
     D:2: 398 daAuts
